 Dungeon Crawl Stone Soup version 0.28-a0-1506-g3893175d92 (webtiles) character file.

Game seed: 1267541319443962944

2 murtidash the Sneak (level 1, -24/20 HPs)
             Began as a Hill Orc Delver on Jan 13, 2022.
             Annihilated by an ogre (31 damage)
             ... on level 5 of the Dungeon.
             The game lasted 00:00:41 (174 turns).

murtidash the Sneak (Hill Orc Delver)                Turns: 174, Time: 00:00:42

Health: -24/20     AC:  3    Str: 14    XL:     1   Next: 40%
Magic:  1/1        EV: 11    Int: 10    God:
Gold:   0          SH:  0    Dex: 12    Spells: 0/0 levels left

rFire   . . .      SeeInvis .   a - +0 hand axe
rCold   . . .      Faith    .   (no shield)
rNeg    . . .      Spirit   .   b - +0 leather armour
rPois   .          Reflect  .   (no helmet)
rElec   .          Harm     .   (no cloak)
rCorr   .          Rampage  .   (no gloves)
Will    .....                   (no boots)
Stlth   ++........              (no amulet)
HPRegen 0.06/turn               (no ring)
MPRegen 0.07/turn               (no ring)

@: about to teleport
A: no striking features
a: no special abilities


You were on level 5 of the Dungeon.
You visited 1 branch of the dungeon, and saw 1 of its levels.

Inventory:

Hand Weapons
 a - a +0 hand axe (weapon)
Armour
 b - a +0 leather armour (worn)
Wands
 g - a wand of digging (3)
Scrolls
 c - 2 scrolls of fog
 d - a scroll of magic mapping {!r}
Potions
 f - a potion of haste


   Skills:
 + Level 3.7 Fighting
 + Level 2.9 Axes
 - Level 1.5 Dodging
 - Level 4.1 Stealth


You couldn't memorise any spells.
You didn't know any spells.
Your spell library was empty.

Dungeon Overview and Level Annotations

Branches:
Dungeon (5/15)
 Temple: D:4-7

Altars:

Shops:
D:5 *


Message History

You hear the hiss of flowing sand.
There is an entrance to an ossuary on this level.
Hurry and find it before the portal is buried!
Welcome, murtidash the Hill Orc Delver.
They say the Orb of Zot lies within this dungeon, but they say a lot of things.
Found a stone staircase leading down.
Lua error: attempt to yield across metamethod/C-call boundary A bullfrog comes into view.
A dart slug comes into view.
The dart slug launches a dart at you.
The slug dart hits you but does no damage.
You hit the dart slug but do no damage. The dart slug barely misses you.
You hit the dart slug. The dart slug bites you.
You take 2 damage, and have 17/19 hp.
You hit the dart slug. The dart slug launches a dart at you.
The slug dart hits you.
You take 3 damage, and have 14/19 hp.
You slash the dart slug!
You kill the dart slug!
You see here a dart slug corpse.
You hear the slow hiss of a very distant avalanche of sand.
You hear the slow hiss of a very distant avalanche of sand.
Health restored: 20 The bullfrog gives a loud, deep croak!
The bullfrog hits you.
You take 1 damage, and have 19/20 hp.
The bullfrog barely misses you. The bullfrog misses you. The bullfrog hits you.
You take 2 damage, and have 17/20 hp.
The bullfrog hits you.
You take 1 damage, and have 16/20 hp.
The bullfrog closely misses you. The bullfrog hits you.
You take 1 damage, and have 15/20 hp.
The bullfrog hits you but does no damage.
The bullfrog closely misses you. The bullfrog closely misses you.
The bullfrog completely misses you. The bullfrog hits you.
You take 3 damage, and have 13/20 hp.
There are no items here.
You see here a scroll labelled JEIKOLURUSID.
h - a scroll labelled JEIKOLURUSID The bullfrog hits you.
The bullfrog hits you but does no damage.
You take 2 damage, and have 11/20 hp.
The bullfrog hits you.
* * * LOW HITPOINT WARNING * * *
You take 6 damage, and have 5/20 hp.
MASSIVE DAMAGE!!
As you read the scroll of fear, it crumbles to dust.
You assume a fearsome visage.
The bullfrog looks frightened!
You hear the slow hiss of a very distant avalanche of sand.
Found a stone staircase leading down.
c - 2 scrolls of fog (gained 1)
Found Bulat's Overcharged Wands.
Found a stone staircase leading up.
An ogre comes into view. It is wielding a +0 giant club.
The ogre shouts!
There is an entrance to Bulat's Overcharged Wands here.
Unknown command.
As you read the scroll labelled JEIKOLURUSID, it crumbles to dust.
You feel strangely unstable.
It was a scroll of teleportation.
The ogre hits you with a +0 giant club!!
Ouch! That really hurt!
You die...

####
#...#########
#...........
#...#.#...#
#..#...#.#
#....∩...#
.##..#.O@#.#
<.....#.#..#
.###.......#
.####.#.########
.)....>........#
.####.#.#..###.#
#.#......#.# #
####.#.#.#
#.#.#.#


You could see an ogre.

Vanquished Creatures
  A dart slug (D:5)
1 creature vanquished.

Notes
Turn   | Place    | Note
-------+----------+-------------------------------------------
     0 | D:5      | murtidash the Hill Orc Delver began the quest for the Orb.
     0 | D:5      | Reached XP level 1. HP: 19/19 MP: 1/1
     6 | D:5      | Noticed a bullfrog
   165 | D:5      | Found Bulat's Overcharged Wands.
   169 | D:5      | Noticed an ogre
   174 | D:5      | Annihilated by an ogre

Illustrated notes

Levels and vault maps discovered:
D:5:      layout_basic, grunt_temple_overflow_cloverleaf,
          nicolae_ru_path_of_blood, enter_ossuary_2,
          nicolae_shop_overcharged_wands, uniq_blork_the_orc

Action                   || total
-------------------------++-------
Melee: Hand axe          ||     4
  Use: Scroll            ||     2
Armor: Leather armour    ||     3
Dodge: Dodged            ||     7

Table legend: (Time is in decaauts)
 A = Elapsed time spent in this place.
 B = Non-inter-level travel time spent in this place.
 C = Inter-level travel time spent in this place.
 D = Time resting spent in this place.
 E = Time spent auto-exploring this place.
 F = Levels seen in this place.
 G = Mean time per level.
                   A        B        C        D        E       F      G
               +--------+--------+--------+--------+--------+-----+--------+
         Total |    174 |    174 |      0 |      0 |     96 |   1 |  174.0 |
       Dungeon |    174 |    174 |      0 |      0 |     96 |   1 |  174.0 |
               +--------+--------+--------+--------+--------+-----+--------+

Top non-repeatable levels by time:
     D:5: 174 daAuts

Table legend:
 A = Kills in this place as a percentage of kills in entire the game.
 B = Kills by you in this place as a percentage of kills by you in the entire game.
 C = Kills by friends in this place as a percentage of kills by friends in the entire game.
 D = Other kills in this place as a percentage of other kills in the entire game.
 E = Experience gained in this place as a percentage of experience gained in the entire game.
 F = Experience gained in this place divided by the number of levels of this place that you have seen.
                   A       B       C       D       E      F
               +-------+-------+-------+-------+-------+----------------------
         Total | 100.0 | 100.0 |   N/A |   N/A | 100.0 |   4.0
       Dungeon | 100.0 | 100.0 |   N/A |   N/A | 100.0 |   4.0
               +-------+-------+-------+-------+-------+----------------------
